 Dungeon Crawl Stone Soup version 0.20.1-1-g8b1a95d (webtiles) character file.

1337 vineage the Cudgeler (level 8, -2/48 HPs)
             Began as a Gargoyle Fighter on Sept 2, 2017.
             Slain by an orc warrior
             ... wielding a +0 scimitar
              (18 damage)
             ... on level 6 of the Dungeon.
             The game lasted 00:06:10 (3927 turns).

vineage the Cudgeler (Gargoyle Fighter)             Turns: 3927, Time: 00:06:10

Health: -2/48      AC: 13    Str: 23    XL:     8   Next: 61%
Magic:  8/8        EV: 11    Int:  8    God:
Gold:   316        SH: 11    Dex:  9    Spells: 7/7 levels left

rFire    . . .     SeeInvis +   a - +1 flail (freeze)
rCold    . . .     Gourm    .   c - +1 shield
rNeg     + . .     Faith    .   t - +0 scale mail {rPois}
rPois    ∞         Spirit   .   (no helmet)
rElec    +         Reflect  .   (no cloak)
rCorr    .         Harm     +   y - +0 pair of gloves
MR       .....                  (no boots)
Stlth    ..........             o - amulet of harm
Regen    0.2/turn               r - +2 ring of evasion
MPRegen  0.2/turn               x - ring of see invisible

@: no status effects
A: negative energy resistance 1, electricity resistance, unbreathing,
petrification resistance, rot immunity, AC +5
a: no special abilities


You were on level 6 of the Dungeon.
You were not hungry.

You visited 1 branch of the dungeon, and saw 6 of its levels.

You collected 316 gold pieces.

Inventory:

Hand Weapons
 a - a +1 flail of freezing (weapon)
Armour
 b - a +0 scale mail
 c - a +1 shield (worn)
 t - a +0 scale mail of poison resistance (worn)
 y - a +0 pair of gloves (worn)
Jewellery
 i - a +3 ring of intelligence
 o - an amulet of harm (around neck)
 r - a +2 ring of evasion (left hand)
 x - a ring of see invisible (right hand)
Wands
 m - a wand of acid (4/15)
 u - a wand of lightning (5/15)
 A - a wand of confusion (29/48)
Scrolls
 j - 3 scrolls of identify
 k - 3 scrolls of teleportation
 v - a scroll of silence
 w - a scroll of fog
Potions
 d - a potion of agility {unknown}
 e - 2 potions of curing
 l - a potion of heal wounds {unknown}
 n - a potion of brilliance
 q - a potion of mutation
 s - 3 potions of lignification
 C - a potion of degeneration {unknown}
Books
 z - a book of Misfortune

   Spells                             Type                      Level
   a - Confusing Touch                Hexes                        1
   b - Confuse                        Hexes                        3
   c - Gell's Gravitas                Translocation                3
   d - Petrify                        Transmutation/Earth          4
   e - Metabolic Englaciation         Hexes/Ice                    5
   f - Yara's Violent Unravelling     Hexes/Transmutation          5
 B - a book of Cantrips

   Spells                             Type                      Level
   a - Confusing Touch                Hexes                        1
   b - Animate Skeleton               Necromancy                   1
   c - Summon Small Mammal            Summoning                    1
   d - Apportation                    Translocation                1
Comestibles
 f - 5 bread rations
 g - 2 fruits
 h - 3 meat rations
 p - 5 royal jellies


   Skills:
 + Level 4.9 Fighting
 + Level 6.4 Maces & Flails
 + Level 5.6 Armour
 + Level 2.4 Dodging
 + Level 1.2 Stealth
 + Level 6.3 Shields


You had 7 spell levels left.
You didn't know any spells.

Dungeon Overview and Level Annotations

Branches:
Dungeon (6/15)             Temple (0/1) D:5

Altars:
Nemelex Xobeh
Trog
Vehumet
The Shining One


Innate Abilities, Weirdness & Mutations

You are resistant to torment.
Your stone body is resilient. (AC +5)
You are immune to poison.
You resist negative energy. (rN+)
You are resistant to electric shocks. (rElec)
You can survive without breathing.
You are immune to petrification.
You are immune to rotting.


Message History

The orc warrior barely misses you.
The orc wizard casts a spell.
The orc wizard blinks!
You completely miss the orc. You block the orc's attack.
You closely miss the orc. You block the orc's attack.
The orc wizard mumbles some strange words.
The orc wizard blinks!
You sock the orc! You freeze the orc.
You kill the orc!
The orc warrior barely misses you.
You hit the orc warrior. You freeze the orc warrior.
The orc warrior is lightly wounded.
The orc warrior barely misses you. You block the orc wizard's attack.
You hit the orc wizard but do no damage.
The orc wizard is almost dead.
The orc wizard mumbles some strange words.
The orc wizard seems to speed up.
The orc warrior hits you with a scimitar!
You die...

..# ##......## # # #..
##............##########
#..# ##..#######..
..........####
.#[.##..##
###........... ....#..##
##[......##.... ..#...##
###.........#####
..#...#
#......(....).###
..##.##
##...........)..##
..#.##
#@o..........)†... ..#.#
#####o##.........)....
..#.#
#≈≈≈≈.≈≈≈≈........(...
.##.##
#≈##≈)≈##≈...........#
.##..###
##'###≈...........#
##.....## #...#
≈#.........##
#.###...### #...#
##.......## .##
###.[.##≈≈#...#
##......# ##
###...≈######


You could see an orc warrior and an orc wizard.

Vanquished Creatures
  Grinder (D:3)
  The ghost of kalagan the Magician, an amateur TeWz (D:4)
  A phantom (D:6)
  5 scorpions
  2 howler monkeys
  A hound (D:4)
  An orc wizard (D:3)
  Ijyb (D:5)
  A gnoll shaman (D:6)
  Terence (D:3)
  4 worker ants
  14 gnolls
  9 adders
  A shadow imp (D:6)
  An adder skeleton (D:4)
  A dart slug (D:1)
  3 leopard geckos
  7 orcs
  2 ball pythons
  7 bats
  5 giant cockroaches
  6 goblins
  6 hobgoblins
  15 jackals
  8 kobolds
  3 quokkas
  3 frilled lizards
  A quokka skeleton (D:4)
  10 rats
121 creatures vanquished.

Notes
Turn   | Place    | Note
-------+----------+-------------------------------------------
     0 | D:1      | vineage the Gargoyle Fighter began the quest for the Orb.
     0 | D:1      | Reached XP level 1. HP: 14/14 MP: 1/1
    81 | D:1      | Reached XP level 2. HP: 11/19 MP: 2/2
   499 | D:1      | Reached XP level 3. HP: 20/24 MP: 3/3
   905 | D:1      | Found a glowing golden altar of the Shining One.
  1005 | D:2      | Found a bloodstained altar of Trog.
  1005 | D:2      | Noticed a moth of wrath
  1154 | D:2      | Reached XP level 4. HP: 25/29 MP: 4/4
  1779 | D:3      | Noticed Grinder
  1792 | D:3      | Paralysed by Grinder for 2 turns
  1812 | D:3      | Paralysed by Grinder for 7 turns
  1822 | D:3      | Killed Grinder
  1822 | D:3      | Reached skill level 1 in Dodging
  1822 | D:3      | Reached XP level 5. HP: 8/33 MP: 5/5
  1822 | D:3      | Reached XP level 6. HP: 9/38 MP: 6/6
  2126 | D:3      | Noticed Terence
  2139 | D:3      | Killed Terence
  2477 | D:4      | Reached XP level 7. HP: 38/44 MP: 7/7
  2482 | D:4      | Reached skill level 5 in Maces & Flails
  2482 | D:4      | Reached skill level 5 in Shields
  2494 | D:4      | Noticed kalagan's ghost (amateur TeWz)
  2546 | D:4      | Killed kalagan's ghost
  2631 | D:4      | Found a sparkling altar of Nemelex Xobeh.
  2873 | D:5      | Entered Level 5 of the Dungeon
  3182 | D:5      | Noticed Ijyb
  3206 | D:5      | Killed Ijyb
  3283 | D:5      | Reached XP level 8. HP: 19/48 MP: 8/8
  3464 | D:5      | Found a staircase to the Ecumenical Temple.
  3619 | D:6      | Reached skill level 5 in Armour
  3817 | D:6      | Reached skill level 1 in Stealth
  3846 | D:6      | Found a radiant altar of Vehumet.
  3927 | D:6      | Slain by an orc warrior

Skill      XL: |  1  2  3  4  5  6  7  8 |
---------------+-------------------------+-----
Maces & Flails | 4 5 6 |  6.4
Fighting       | 4 |  4.9
Dodging        | 1 2 |  2.4
Shields        | 4 5 6 |  6.3
Armour         | 4 5 |  5.6
Stealth        | 1 |  1.2

Action                   |  1- 3 |  4- 6 |  7- 9 || total
-------------------------+-------+-------+-------++-------
Melee: Flail             |   142 |   191 |   211 ||   544
  Use: Potion            |       |     2 |     2 ||     4
       Scroll            |       |    11 |     4 ||    15
  Eat: Chunk             |       |     5 |     2 ||     7
       Meat ration       |       |       |     1 ||     1
Armor: Scale mail        |   109 |   131 |    91 ||   331
Dodge: Dodged            |    59 |    94 |   101 ||   254
Block: Shield            |    77 |   128 |   152 ||   357
